 Dungeon Crawl Stone Soup version 0.21.1-1-g345015f (webtiles) character file.

6478 RudyRod the Firebug (level 11, -2/91 HPs)
             Began as a Naga Fire Elementalist on June 2, 2018.
             Was a Priest of Cheibriados.
             Slain by a two-headed ogre
             ... wielding a +0 giant spiked club
              (4 damage)
             ... on level 9 of the Dungeon.
             The game lasted 00:52:59 (10755 turns).

RudyRod the Firebug (Naga Fire Elementalist)       Turns: 10755, Time: 00:53:00

Health: -2/91      AC:  8    Str: 24    XL:     11   Next: 0%
Magic:  8/19       EV: 13    Int: 26    God:    Cheibriados [***...]
Gold:   321        SH:  0    Dex: 21    Spells: 13/21 levels left

rFire    . . .     SeeInvis +   g - +0 shortbow
rCold    . . .     Gourm    +   (shield currently unavailable)
rNeg     . . .     Faith    .   H - +0 robe of Hyloparu {*Contam rCorr Str+4 SInv} (curse)
rPois    +         Spirit   .   f - +0 helmet
rElec    .         Reflect  .   q - +0 cloak
rCorr    +         Harm     .   I - +1 pair of gloves
MR       +....     Rnd*Tele +   (no barding)
Stlth    +++.......             v - amulet of the gourmand
HPRegen  0.25/turn              (no ring)
MPRegen  0.16/turn              (no ring)

@: very slow
A: large, fangs 1, see invisible, deformed body, poison resistance, slowness 2,
slow metabolism 1, spit poison 1, strong 1, teleportitis 1, AC +3
a: Spit Poison, Bend Time, Temporal Distortion, Renounce Religion


You were on level 9 of the Dungeon.
You worshipped Cheibriados.
Cheibriados was most pleased with you.
You were completely stuffed.

You visited 1 branch of the dungeon, and saw 9 of its levels.

You collected 497 gold pieces.
You spent 176 gold pieces at shops.

Inventory:

Hand Weapons
 g - a +0 shortbow (weapon)
Missiles
 i - 150 arrows (quivered)
 o - a throwing net
Armour
 f - a +0 helmet (worn)
 k - a +0 pair of gloves
 q - a +0 cloak (worn)
 w - a +1 robe of magic resistance
 H - the cursed +0 robe of Hyloparu (worn) {*Contam rCorr Str+4 SInv}
   (You bought it in a shop on level 9 of the Dungeon)

   It affects your strength (+4).
   It lets you see invisible.
   It causes magical contamination when unequipped.
   It protects you from acid and corrosion.
   It has a curse placed upon it.
 I - a +1 pair of gloves (worn)
Jewellery
 e - an uncursed amulet of harm
 v - an amulet of the gourmand (around neck)
 z - an uncursed ring of magical power {unknown}
 F - a cursed ring of loudness {unknown}
Wands
 h - a wand of digging (11)
 y - a wand of iceblast (4)
 C - a wand of acid (17)
Scrolls
 d - a scroll of remove curse
 m - a scroll of amnesia
 s - a scroll of teleportation
 t - 2 scrolls of enchant armour {unknown}
 x - 2 scrolls of immolation {unknown}
 A - 2 scrolls of fog {unknown}
 D - a scroll of identify
 E - a scroll of enchant weapon
Potions
 a - a potion of berserk rage {unknown}
 j - a potion of lignification
 l - a potion of cancellation
 n - a potion of might
 r - 2 potions of flight
 u - a potion of curing {unknown}
 G - 2 potions of agility
Books
 b - a book of Flames

   Spells                             Type                      Level
   a - Flame Tongue                   Conjuration/Fire             1
   b - Throw Flame                    Conjuration/Fire             2
   c - Conjure Flame                  Conjuration/Fire             3
   d - Inner Flame                    Hexes/Fire                   3
   e - Sticky Flame                   Conjuration/Fire             4
   f - Fireball                       Conjuration/Fire             5
 p - a book of Minor Magic

   Spells                             Type                      Level
   a - Magic Dart                     Conjuration                  1
   b - Blink                          Translocation                2
   c - Call Imp                       Summoning                    2
   d - Slow                           Hexes                        2
   e - Conjure Flame                  Conjuration/Fire             3
   f - Mephitic Cloud                 Conjuration/Poison/Air       3
 B - a book of Cantrips

   Spells                             Type                      Level
   a - Confusing Touch                Hexes                        1
   b - Animate Skeleton               Necromancy                   1
   c - Summon Small Mammal            Summoning                    1
   d - Apportation                    Translocation                1
Comestibles
 c - 13 rations


   Skills:
 + Level 3.8 Fighting
 + Level 6.5 Bows
 * Level 4.9 Dodging
 + Level 5.1 Stealth
 + Level 0.5 Unarmed Combat
 + Level 5.9 Spellcasting
 + Level 5.8 Conjurations
 + Level 7.2 Fire Magic
 * Level 5.5 Invocations
 + Level 3.6 Evocations


You had 13 spell levels left.
You knew the following spells:

 Your Spells              Type           Power        Failure   Level  Hunger
a - Flame Tongue          Conj/Fire      #####        1%          1    None
b - Sticky Flame          Conj/Fire      #####...     4%          4    ###....
c - Apportation           Tloc           #.....       7%          1    None
d - Blink                 Tloc           N/A          11%         2    None


Dungeon Overview and Level Annotations

Branches:
Dungeon (9/15)             Temple (0/1) D:6
   Lair: D:8-11         Orc: D:9-12

Altars:
Cheibriados
Dithmenos
Hepliaklqana
Makhleb
Okawaru
Ru
The Shining One

Shops:
D:9 [

Annotations:
D:5 Iko's ghost, amateur OpFi


Innate Abilities, Weirdness & Mutations

You cannot wear boots.
Your serpentine skin is tough. (AC +3)
You have supernaturally acute eyesight. (SInv)
Armour fits poorly on your strangely shaped body.
Your system is resistant to poisons. (rPois)
You cover ground very slowly.
You have a slow metabolism.
You can spit poison.
You have very sharp teeth.
Your muscles are strong. (Str +2)
You are occasionally teleported next to monsters.


Message History

Aiming: Flame Tongue
Press: ? - help, Shift-Dir - straight line, f/p - two-headed ogre
Aim: a two-headed ogre, wielding a giant spiked club and a giant club (severely wounded)
The flame tongue hits the two-headed ogre.
The two-headed ogre is almost dead.
The two-headed ogre hits you with a giant spiked club!
The two-headed ogre hits you with a giant club!!
Casting: Flame Tongue
Confirm with . or Enter, or press ? or * to list all spells.
Aiming: Flame Tongue
Press: ? - help, Shift-Dir - straight line, f/p - two-headed ogre
Aim: a two-headed ogre, wielding a giant spiked club and a giant club (almost dead)
The flame tongue misses the two-headed ogre.
The two-headed ogre misses you.
The two-headed ogre hits you with a giant club!!
* * * LOW HITPOINT WARNING * * *
The two-headed ogre hits you with a giant spiked club!!
* * * LOW HITPOINT WARNING * * *
The two-headed ogre hits you with a giant club.
You die...

#... # #..# #. #..# #..
#).# #...#+###.(#
#..........#
#.....<%...# ###
#..........#########....
#.............∩@........
#...........>..O........
#......######...........
#......# #...........
#.###### #........... #.
#...........
#...........
#..(........
#.(.........


You could see a two-headed ogre.

Vanquished Creatures
  2 two-headed ogres (D:8)
  An unseen horror (D:8)
  Pikel (D:7)
  2 hippogriffs (D:7)
  Sigmund (D:7)
  A hungry ghost (D:8)
  A water moccasin (D:6)
  2 sky beasts
  An ice beast (D:8)
  A black bear (D:7)
  3 orc warriors
  A phantom (D:5)
  A necrophage (D:6)
  6 centaurs
  4 ogres
  A big kobold (D:8)
  Blork the orc (D:6)
  5 bullfrogs
  4 scorpions
  5 wights (D:6)
  A centaur zombie (D:5)
  2 jellies (D:5)
  2 hounds
  Crazy Yiuf (D:6)
  4 orc priests
  6 orc wizards
  A bullfrog skeleton (D:6)
  2 iguanas
  3 worker ants (D:6)
  A howler monkey zombie (D:8)
  3 worker ant zombies
  Robin (D:3)
  4 gnolls (D:6)
  17 adders
  3 oozes
  3 adder skeletons
  5 worms
  3 dart slugs (D:2)
  5 leopard geckos
  22 orcs
  7 giant cockroaches
  16 goblins
  7 hobgoblins
  5 jackals
  4 quokkas
  2 ball pythons
  4 bats
  3 frilled lizards
  A giant cockroach zombie (D:6)
  A jackal zombie (D:6)
  7 kobolds
  2 quokka skeletons
  7 rats
  A fungus (D:6)
200 creatures vanquished.

Vanquished Creatures (others)
  A slave (D:7)
  A worker ant (D:7)
2 creatures vanquished.

Grand Total: 202 creatures vanquished

Notes
Turn   | Place    | Note
-------+----------+-------------------------------------------
     0 | D:1      | RudyRod the Naga Fire Elementalist began the quest for the Orb.
     0 | D:1      | Reached XP level 1. HP: 15/15 MP: 3/3
   421 | D:1      | Reached XP level 2. HP: 18/22 MP: 1/5
   781 | D:1      | Reached XP level 3. HP: 20/28 MP: 0/6
   869 | D:2      | Reached skill level 4 in Fire Magic
  1143 | D:2      | Reached XP level 4. HP: 29/36 MP: 3/8
  1493 | D:2      | Found a faded altar of an unknown god.
  1640 | D:2      | Reached XP level 5. HP: 40/43 MP: 4/9
  1830 | D:3      | Noticed Robin
  2161 | D:2      | Reached skill level 1 in Fighting
  2333 | D:2      | Reached XP level 6. HP: 22/51 MP: 2/10
  3048 | D:3      | Killed Robin
  3341 | D:3      | Learned a level 4 spell: Sticky Flame
  3772 | D:4      | Reached skill level 5 in Fire Magic
  3772 | D:4      | Reached XP level 7. HP: 7/57 MP: 0/12
  4148 | D:4      | Found a shadowy altar of Dithmenos.
  4852 | D:5      | Entered Level 5 of the Dungeon
  4969 | D:5      | Reached skill level 1 in Bows
  4969 | D:5      | Reached skill level 1 in Evocations
  5143 | D:5      | Learned a level 1 spell: Apportation
  5297 | D:5      | Noticed Iko's ghost (amateur OpFi)
  5388 | D:5      | Reached XP level 8. HP: 27/64 MP: 7/14
  5649 | D:5      | Found a sacrificial altar of Ru.
  5898 | D:5      | Found a snail-covered altar of Cheibriados.
  5993 | D:5      | Became a worshipper of Cheibriados the Contemplative
  6330 | D:6      | Found a staircase to the Ecumenical Temple.
  6472 | D:6      | Found an iron altar of Okawaru.
  6561 | D:6      | Reached * piety under Cheibriados
  6569 | D:6      | Gained mutation: You are occasionally teleported next to monsters. [potion of mutation]
  6569 | D:6      | Gained mutation: You have very sharp teeth. [potion of mutation]
  6569 | D:6      | Gained mutation: Your muscles are strong. (Str +2) [potion of mutation]
  6570 | D:6      | Reached skill level 1 in Invocations
  6584 | D:6      | Noticed Sigmund
  6593 | D:6      | Noticed Blork the orc
  6790 | D:6      | Killed Blork the orc
  6935 | D:6      | Reached XP level 9. HP: 72/73 MP: 3/15
  7370 | D:6      | Reached skill level 6 in Fire Magic
  7503 | D:6      | Reached ** piety under Cheibriados
  7517 | D:6      | Found a shadowy altar of Dithmenos.
  7519 | D:6      | Found a glowing golden altar of the Shining One.
  7854 | D:6      | Found a runed door.
  7874 | D:6      | Noticed Crazy Yiuf
  7876 | D:6      | Killed Crazy Yiuf
  8147 | D:7      | Killed Sigmund
  8286 | D:7      | Noticed Pikel
  8300 | D:7      | Killed Pikel
  8300 | D:7      | Reached skill level 5 in Bows
  8523 | D:7      | Reached skill level 5 in Spellcasting
  8673 | D:7      | Found a hazy altar of Hepliaklqana.
  8815 | D:7      | Reached XP level 10. HP: 66/84 MP: 11/17
  9055 | D:7      | Found a burning altar of Makhleb.
  9055 | D:7      | Noticed a balrug
  9116 | D:7      | Reached skill level 5 in Stealth
  9404 | D:7      | Reached skill level 5 in Conjurations
  9582 | D:8      | Learned a level 2 spell: Blink
  9719 | D:8      | Reached *** piety under Cheibriados
 10286 | D:8      | Noticed a two-headed ogre
 10298 | D:8      | Killed a two-headed ogre
 10314 | D:8      | Reached skill level 5 in Invocations
 10397 | D:8      | Noticed a two-headed ogre
 10404 | D:8      | Killed a two-headed ogre
 10404 | D:8      | Reached skill level 7 in Fire Magic
 10539 | D:8      | Noticed an unseen horror
 10558 | D:8      | Killed an unseen horror
 10721 | D:9      | Reached XP level 11. HP: 91/91 MP: 12/19
 10722 | D:9      | Found Oreolar's Antique Armour Shoppe.
 10732 | D:9      | Bought a distressingly furry robe for 176 gold pieces
 10742 | D:9      | Identified the cursed +0 robe of Hyloparu {*Contam rCorr Str+4 SInv} (You bought it in a shop on level 9 of the Dungeon)
 10742 | D:9      | Noticed a two-headed ogre
 10755 | D:9      | HP: 2/91 [two-headed ogre/giant spiked club (18)]
 10755 | D:9      | Slain by a two-headed ogre

Skill      XL: |  1  2  3  4  5  6  7  8  9 10 |
---------------+-------------------------------+-----
Fire Magic     | 4 5 6 7 |  7.2
Spellcasting   | 3 4 5 |  5.9
Fighting       | 1 2 3 |  3.8
Conjurations   | 2 3 4 5 |  5.8
Dodging        | 2 3 4 |  4.9
Stealth        | 4 5 |  5.1
Bows           | 1 3 5 6 |  6.5
Evocations     | 2 3 |  3.6
Invocations    | 2 4 5 |  5.5
Unarmed Combat | |  0.5

Action                   |  1- 3 |  4- 6 |  7- 9 | 10-12 || total
-------------------------+-------+-------+-------+-------++-------
Melee: Unarmed           |     5 |    21 |       |       ||    26
 Fire: Shortbow          |       |       |   176 |    69 ||   245
 Cast: Flame Tongue      |    43 |   123 |   117 |    64 ||   347
       Sticky Flame      |       |     3 |    32 |    16 ||    51
Invok: Bend Time         |       |       |       |     1 ||     1
 Abil: Spit Poison       |     8 |    28 |    23 |    12 ||    71
  Use: Scroll            |       |    10 |     7 |     1 ||    18
       Potion            |       |     3 |     1 |     2 ||     6
 Stab: Sleeping          |       |     1 |       |       ||     1
  Eat: Chunk             |     1 |    11 |    22 |     8 ||    42
       Ration            |       |       |     1 |       ||     1
Armor: Robe              |     2 |    42 |    50 |    28 ||   122
       Animal skin       |       |     2 |       |       ||     2
Dodge: Dodged            |    18 |    75 |   110 |    54 ||   257
